 Dungeon Crawl Stone Soup version 0.22-a0-304-gc4e68a00b7 (webtiles) character file.

114 FollowTheCloud the Skirmisher (level 4, -4/41 HPs)
             Began as a Gnoll Wanderer on Mar 28, 2018.
             Slain by an orc
             ... wielding a +1 mace of draining
              (7 damage)
             ... on level 2 of the Dungeon.
             The game lasted 00:04:12 (1946 turns).

FollowTheCloud the Skirmisher (Gnoll Wanderer)      Turns: 1946, Time: 00:04:12

Health: -4/41      AC:  9    Str: 16    XL:     4   Next: 97%
Magic:  5/5        EV: 10    Int: 12    God:
Gold:   104        SH:  0    Dex: 16    Spells: 5/5 levels left

rFire    . . .     SeeInvis .   c - +0 quarterstaff
rCold    . . .     Gourm    .   (shield currently unavailable)
rNeg     . . .     Faith    .   a - +2 scale mail
rPois    .         Spirit   .   (no helmet)
rElec    .         Reflect  .   (no cloak)
rCorr    .         Harm     .   (no gloves)
MR       .....                  g - +0 pair of boots
Stlth    ..........             (no amulet)
HPRegen  0.13/turn              (no ring)
MPRegen  0.09/turn              (no ring)

@: heavily drained
A: distributed training, fangs 1, strong nose
a: no special abilities


You were on level 2 of the Dungeon.
You were near starving.

You visited 1 branch of the dungeon, and saw 3 of its levels.

You collected 104 gold pieces.

Inventory:

Hand Weapons
 c - a +0 quarterstaff (weapon)
Armour
 a - a +2 scale mail (worn)
 g - a +0 pair of boots (worn)
 j - a +0 shield
Scrolls
 e - 4 scrolls of amnesia {unknown}
 f - 5 scrolls of identify {unknown}
 i - a scroll of enchant weapon {unknown}
 k - a scroll of noise {unknown}
 l - 2 scrolls of teleportation {unknown}
 o - a scroll of blinking {unknown}
Potions
 h - a potion of brilliance {unknown}
 m - a potion of flight {unknown}
 n - a potion of invisibility {unknown}
Comestibles
 d - a ration


   Skills:
 + Level 6.6(4.9) Fighting
 + Level 1.2(0.0) Short Blades
 + Level 1.2(0.0) Long Blades
 + Level 1.2(0.0) Axes
 + Level 1.2(0.0) Maces & Flails
 + Level 1.2(0.0) Polearms
 + Level 2.8(1.3) Staves
 + Level 1.2(0.0) Slings
 + Level 1.2(0.0) Bows
 + Level 1.2(0.0) Crossbows
 + Level 4.7(3.1) Throwing
 + Level 4.7(3.1) Armour
 + Level 2.8(1.3) Dodging
 + Level 2.6(1.1) Stealth
 + Level 1.2(0.0) Shields
 + Level 1.2(0.0) Unarmed Combat
 + Level 1.2(0.0) Spellcasting
 + Level 1.0(0.0) Conjurations
 + Level 1.0(0.0) Hexes
 + Level 1.0(0.0) Charms
 + Level 1.0(0.0) Summonings
 + Level 1.0(0.0) Necromancy
 + Level 1.0(0.0) Translocations
 + Level 1.0(0.0) Transmutations
 + Level 1.0(0.0) Fire Magic
 + Level 1.0(0.0) Ice Magic
 + Level 1.0(0.0) Air Magic
 + Level 1.0(0.0) Earth Magic
 + Level 1.0(0.0) Poison Magic
 + Level 1.4(0.0) Invocations
 + Level 1.2(0.0) Evocations


You had 5 spell levels left.
You didn't know any spells.

Dungeon Overview and Level Annotations

Branches:
Dungeon (3/15)

Altars:
Trog


Innate Abilities, Weirdness & Mutations

Your experience applies equally to all skills.
You have very sharp teeth.
Your uncanny sense of smell can sniff out nearby items.


Message History

Your base Fire Magic skill increases to level 1!
Your base Ice Magic skill increases to level 1!
Your base Air Magic skill increases to level 1!
Your base Earth Magic skill increases to level 1!
Your base Poison Magic skill increases to level 1!
The orc completely misses you.
The moth of wrath's fur bristles in rage as it notices you.
There is an open door here.
The orc closely misses you.
The moth of wrath goads the orc on!
The orc goes berserk!
The orc hits you with a mace of draining!
* * * LOW HITPOINT WARNING * * *
You feel drained.
* * * LOW HITPOINT WARNING * * *
The orc barely misses you.
Unknown command.
The orc closely misses you. x2
You are near starving!
The orc hits you with a mace of draining!
You die...

...........##..)...)## #.#
####.#######...._..).# #.. #
#.# ##.........## #.. # #.#
#....###....#########.. # #.#
#...##y##...#.......... #
#.######....###....##########.
#
#......#...........##########.
#
#########....o....##.......###
# #.##...@...####.####.##. #
#.#####'####...#.###.##.
##########.#..##.#
##.###.##.##.
...........###...# #.##
##...... ##########.# #..##
##.###.##.#.. #.###.##
#).#>###.#.. #...#.#
#.#.###..... ###.#.#
#.#.oo...... #.#.#
#.#####...#.


You could see a moth of wrath and an orc (berserk).

Vanquished Creatures
  An orc wizard (D:2)
  An adder (D:2)
  A gnoll (D:1)
  2 oozes
  3 worms (D:2)
  A dart slug (D:1)
  A leopard gecko (D:1)
  An orc (D:2)
  2 giant cockroaches
  3 goblins
  6 hobgoblins (D:1)
  7 jackals
  2 ball pythons (D:1)
  4 bats
  4 frilled lizards
  5 kobolds
  5 rats
49 creatures vanquished.

Notes
Turn   | Place    | Note
-------+----------+-------------------------------------------
     0 | D:1      | FollowTheCloud the Gnoll Wanderer began the quest for the Orb.
     0 | D:1      | FollowTheCloud set off with: a +2 scale mail, a potion of curing, a +0 quarterstaff, a ration
     0 | D:1      | Reached XP level 1. HP: 23/23 MP: 1/1
    45 | D:1      | Reached XP level 2. HP: 19/29 MP: 2/2
   239 | D:1      | Reached XP level 3. HP: 35/35 MP: 3/3
   420 | D:1      | Reached skill level 1 in Invocations
   833 | D:2      | Reached skill level 1 in Short Blades
   833 | D:2      | Reached skill level 1 in Long Blades
   833 | D:2      | Reached skill level 1 in Axes
   833 | D:2      | Reached skill level 1 in Maces & Flails
   833 | D:2      | Reached skill level 1 in Polearms
   833 | D:2      | Reached skill level 1 in Slings
   833 | D:2      | Reached skill level 1 in Bows
   833 | D:2      | Reached skill level 1 in Crossbows
   833 | D:2      | Reached skill level 1 in Shields
   833 | D:2      | Reached skill level 1 in Unarmed Combat
   833 | D:2      | Reached skill level 1 in Spellcasting
   833 | D:2      | Reached skill level 1 in Evocations
   993 | D:2      | Reached XP level 4. HP: 35/41 MP: 5/5
  1222 | D:2      | Noticed a moth of wrath
  1224 | D:2      | Found a bloodstained altar of Trog.
  1894 | D:2      | HP: 2/41 [orc/mace of draining (1)]
  1902 | D:2      | Reached skill level 1 in Conjurations
  1902 | D:2      | Reached skill level 1 in Hexes
  1902 | D:2      | Reached skill level 1 in Charms
  1902 | D:2      | Reached skill level 1 in Summonings
  1902 | D:2      | Reached skill level 1 in Necromancy
  1902 | D:2      | Reached skill level 1 in Translocations
  1902 | D:2      | Reached skill level 1 in Transmutations
  1902 | D:2      | Reached skill level 1 in Fire Magic
  1902 | D:2      | Reached skill level 1 in Ice Magic
  1902 | D:2      | Reached skill level 1 in Air Magic
  1902 | D:2      | Reached skill level 1 in Earth Magic
  1902 | D:2      | Reached skill level 1 in Poison Magic
  1938 | D:2      | HP: 2/41 [orc/mace of draining (3)]
  1946 | D:2      | Slain by an orc

Vault maps used:
D:1:      minmay_arrival_four_loops, serial_bayou_pond_e, hex_tiny,
          minmay_misc_feat_encased
D:2:      tgw_trog

Skill      XL: |  1  2  3  4 |
---------------+-------------+-----
Invocations    | 1 |  1.4
Short Blades   | 1 |  1.2
Long Blades    | 1 |  1.2
Axes           | 1 |  1.2
Maces & Flails | 1 |  1.2
Polearms       | 1 |  1.2
Slings         | 1 |  1.2
Bows           | 1 |  1.2
Crossbows      | 1 |  1.2
Shields        | 1 |  1.2
Unarmed Combat | 1 |  1.2
Spellcasting   | 1 |  1.2
Evocations     | 1 |  1.2
Conjurations   | 1 |  1.0
Hexes          | 1 |  1.0
Charms         | 1 |  1.0
Summonings     | 1 |  1.0
Necromancy     | 1 |  1.0
Translocations | 1 |  1.0
Transmutations | 1 |  1.0
Fire Magic     | 1 |  1.0
Ice Magic      | 1 |  1.0
Air Magic      | 1 |  1.0
Earth Magic    | 1 |  1.0
Poison Magic   | 1 |  1.0
Fighting       | |  6.6
Staves         | |  2.8
Throwing       | |  4.7
Armour         | |  4.7
Dodging        | |  2.8
Stealth        | |  2.6

Action                   |  1- 3 |  4- 6 || total
-------------------------+-------+-------++-------
Melee: Quarterstaff      |   112 |    66 ||   178
       Bite              |    10 |     9 ||    19
  Use: Potion            |       |     3 ||     3
  Eat: Chunk             |       |     2 ||     2
Armor: Scale mail        |    75 |    23 ||    98
Dodge: Dodged            |    84 |    35 ||   119

Table legend:
 A = Spawn XP
 B = Non-spawn XP
 C = Spawn XP percentage of total XP
 D = Spawn monster count
 E = Non-spawn monster count
 F = Spawn count percentage of total count
 G = Total turns spent on level
                    A         B        C        D         E        F      G
               +---------+---------+-------+---------+---------+-------+---------
         Total |       0 |     163 |   0.0 |       0 |      49 |   0.0 |  1946
               +---------+---------+-------+---------+---------+-------+---------
           D:1 |       0 |      70 |   0.0 |       0 |      30 |   0.0 |   775
           D:2 |       0 |      91 |   0.0 |       0 |      18 |   0.0 |  1154
           D:3 |       0 |       2 |   0.0 |       0 |       1 |   0.0 |    17
               +---------+---------+-------+---------+---------+-------+---------
